 Dungeon Crawl Stone Soup version 0.24.1-8-ga250c9d538 (console) character file.

Game seed: 10155438513002603883, levelgen mode: deterministic

5703 Rpm the Cleaver (level 10, 0/132 HPs)
             Began as a Minotaur Berserker on May 5, 2020.
             Was an Elder of Trog.
             Slain by a death yak (13 damage)
             ... on level 10 of the Dungeon.
             The game lasted 01:27:30 (9119 turns).

Rpm the Cleaver (Minotaur Berserker)                Turns: 9119, Time: 01:27:31

Health: 0/132      AC: 12    Str: 27    XL:     10   Next: 48%
Magic:  9/9        EV: 12    Int:  4    God:    Trog [****..]
Gold:   277        SH:  0    Dex: 13    Spells: 9/9 levels left

rFire    . . .     SeeInvis .   q - +3 war axe
rCold    . . .     Gourm    .   (no shield)
rNeg     . . .     Faith    .   r - +1 chain mail
rPois    .         Spirit   .   (helmet restricted)
rElec    .         Reflect  .   (no cloak)
rCorr    +         Harm     .   (no gloves)
MR       .....                  (no boots)
Stlth    ..........             (no amulet)
HPRegen  0.32/turn              b - ring of resist corrosion
MPRegen  0.11/turn              (no ring)

@: berserking (expiring), very quick
A: retaliatory headbutt, horns 2
a: Berserk, Trog's Hand, Brothers in Arms, Renounce Religion


You were on level 10 of the Dungeon.
You worshipped Trog.
Trog was greatly pleased with you.
You were not hungry.

You visited 1 branch of the dungeon, and saw 10 of its levels.

You collected 482 gold pieces.
You spent 205 gold pieces at shops.

Inventory:

Hand Weapons
 a - a +0 hand axe
 q - a +3 war axe (weapon)
Missiles
 g - 169 stones
 k - 49 bolts
 p - 2 silver boomerangs (quivered)
 y - 9 large rocks
 A - 3 boomerangs
Armour
 r - a +1 chain mail (worn)
Jewellery
 b - a ring of resist corrosion (left hand)
 s - an uncursed ring of wizardry
Scrolls
 e - a scroll of immolation
 i - a scroll of amnesia
 j - 6 scrolls of teleportation
 l - 3 scrolls of magic mapping
 m - a scroll of blinking
 n - 2 scrolls of remove curse
 t - a scroll of holy word {unknown}
 v - a scroll of vulnerability
Potions
 f - a potion of mutation
 h - 2 potions of ambrosia
 o - a potion of brilliance
Comestibles
 c - 14 rations


   Skills:
 + Level 8.3 Fighting
 * Level 11.3 Axes
 - Level 3.6 Throwing
 * Level 10.3 Armour
 + Level 6.9 Dodging
 - Level 1.5 Stealth


You had 9 spell levels left.
You didn't know any spells.
Your spell library was empty.

Dungeon Overview and Level Annotations

Branches:
Dungeon (10/15)            Temple (0/1) D:5             Orc (0/2) D:10
   Lair: D:8-11

Altars:
Ashenzari
Dithmenos
Elyvilon
Fedhas
Gozag
Makhleb
Nemelex Xobeh
Ru
Xom
Yredelemnul

Shops:
D:5 ?   D:8 (

Annotations:
D:10 Psyche


Innate Abilities, Weirdness & Mutations

You reflexively headbutt those who attack you in melee.
You have a pair of horns on your head.


Message History

The yak barely misses you.
You slice the yak!!
The yak is almost dead.
An orc warrior comes into view. It is wielding a +0 morningstar.
You slash the yak!
You kill the yak!
Trog accepts your kill.
An orc comes into view. It is wielding a +0 mace.
The orc shouts!
You slice the yak!! You headbutt the yak!
The yak is almost dead.
The yak gores you.
* * * LOW HITPOINT WARNING * * *
You slash the yak!
You kill the yak!
Trog accepts your kill.
You slash the death yak!
The death yak is moderately wounded.
The death yak gores you!
You die...

.# .. .###.# #
##..... #
#....... ###.
.#...# .....
....#
.....?#####...#
...W.oYYY@<..#
....o.K#####.#
.#..... .#
YK....# .#
..o.Y. .#
.o..Y# .# .....
.. ..#.# ..


You could see a death yak, 2 yaks, a phantom, an orc warrior, an orc and a
kobold.

Vanquished Creatures
  The ghost of sipior the Skirmisher, a novice CeAM of Ru (D:9)
  2 death yaks (D:10)
  An ugly thing (D:9)
  A troll (D:9)
  A hippogriff (D:9)
  2 yaks (D:10)
  Menkaure (D:4)
  A water moccasin (D:9)
  3 orc warriors
  A sky beast (D:7)
  A phantom (D:6)
  4 ogres
  A centaur (D:7)
  A big kobold (D:9)
  5 bullfrogs
  4 scorpions
  5 killer bees (D:7)
  A howler monkey (D:9)
  A bullfrog zombie (D:6)
  6 crimson imps
  A quasit (D:7)
  2 hounds
  4 orc priests
  2 orc wizards
  An iguana (D:6)
  A worker ant (D:9)
  6 gnolls
  6 adders
  A howler monkey skeleton (D:9)
  2 shadow imps
  An ooze (D:6)
  3 adder skeletons
  A worm (D:3)
  2 dart slugs
  4 leopard geckos
  19 orcs
  4 giant cockroaches
  9 goblins
  5 hobgoblins
  8 jackals
  6 quokkas
  6 bats
  6 frilled lizards
  14 kobolds
  A quokka skeleton (D:5)
  10 rats
  A butterfly (D:9)
169 creatures vanquished.

Notes
Turn   | Place    | Note
-------+----------+-------------------------------------------
     0 | D:1      | Rpm the Minotaur Berserker began the quest for the Orb.
     0 | D:1      | Reached XP level 1. HP: 19/19 MP: 0/0
   284 | D:1      | Reached skill level 4 in Axes
   284 | D:1      | Reached XP level 2. HP: 27/27 MP: 1/1
   565 | D:1      | You fall into a shaft and drop 1 floor!
   705 | D:2      | Reached XP level 3. HP: 30/33 MP: 2/2
   797 | D:2      | Reached ** piety under Trog
   996 | D:2      | Found a faded altar of an unknown god.
  1251 | D:3      | Reached skill level 5 in Axes
  1251 | D:3      | Reached XP level 4. HP: 37/40 MP: 3/3
  1309 | D:3      | Reached skill level 1 in Throwing
  1702 | D:3      | Found a shattered altar of Ashenzari.
  2350 | D:3      | Reached XP level 5. HP: 47/47 MP: 4/4
  3284 | D:4      | Noticed Menkaure
  3295 | D:4      | Killed Menkaure
  3295 | D:4      | Reached skill level 1 in Stealth
  3295 | D:4      | Reached XP level 6. HP: 8/53 MP: 5/5
  3299 | D:4      | HP: 2/53 [jackal (2)]
  3534 | D:4      | Reached skill level 6 in Axes
  4183 | D:5      | Entered Level 5 of the Dungeon
  4216 | D:5      | Found Guzalyi's Magic Scroll Shop.
  4228 | D:5      | Reached XP level 7. HP: 60/60 MP: 6/6
  4331 | D:5      | Found a staircase to the Ecumenical Temple.
  4422 | D:5      | Reached skill level 5 in Fighting
  4559 | D:5      | Bought a scroll of identify for 20 gold pieces
  4559 | D:5      | Bought a scroll of enchant weapon for 75 gold pieces
  4998 | D:5      | Bought a scroll of remove curse for 30 gold pieces
  4998 | D:5      | Bought a scroll of identify for 20 gold pieces
  4998 | D:5      | Bought a scroll of identify for 20 gold pieces
  5002 | D:5      | Bought a scroll of identify for 20 gold pieces
  5099 | D:6      | Found a burning altar of Makhleb.
  5099 | D:6      | Found a basalt altar of Yredelemnul.
  5099 | D:6      | Found a sparkling altar of Nemelex Xobeh.
  5185 | D:6      | Reached skill level 7 in Axes
  5230 | D:6      | Reached skill level 5 in Armour
  5384 | D:5      | Bought a scroll of identify for 20 gold pieces
  5613 | D:6      | Found an opulent altar of Gozag.
  5617 | D:6      | Found a white marble altar of Elyvilon.
  5753 | D:7      | Reached XP level 8. HP: 52/69 MP: 7/7
  5755 | D:7      | Reached *** piety under Trog
  5906 | D:7      | Found a blossoming altar of Fedhas.
  5921 | D:7      | Reached skill level 8 in Axes
  6932 | D:8      | Found a sacrificial altar of Ru.
  7007 | D:8      | Reached skill level 5 in Dodging
  7174 | D:8      | Found a shadowy altar of Dithmenos.
  7602 | D:8      | Reached XP level 9. HP: 78/78 MP: 8/8
  7630 | D:8      | Found Gesegada's Antique Weapon Shop.
  7930 | D:9      | Found a shimmering altar of Xom.
  7939 | D:9      | Reached skill level 9 in Axes
  8056 | D:9      | Found a flagged portal.
  8525 | D:9      | Noticed a troll
  8536 | D:9      | Killed a troll
  8612 | D:9      | Reached skill level 10 in Axes
  8659 | D:9      | Reached **** piety under Trog
  8709 | D:9      | Noticed a purple ugly thing
  8717 | D:9      | Killed a purple ugly thing
  8770 | D:9      | Found a runed translucent gate.
  8770 | D:9      | Found a runed translucent gate.
  8770 | D:9      | Found a runed translucent gate.
  8770 | D:9      | Noticed sipior's ghost (novice CeAM)
  8843 | D:9      | Killed sipior's ghost
  8843 | D:9      | Reached XP level 10. HP: 80/88 MP: 9/9
  9018 | D:10     | Entered Level 10 of the Dungeon
  9018 | D:10     | Found a staircase to the Orcish Mines.
  9018 | D:10     | Noticed Psyche
  9085 | D:10     | Noticed a death yak
  9088 | D:10     | Noticed a death yak
  9095 | D:10     | Noticed a death yak
  9096 | D:10     | Identified the +4 dagger of the Tiger {elec, +Blink Str+3
                  | Int+3}
  9108 | D:10     | Killed a death yak
  9112 | D:10     | Killed a death yak
  9112 | D:10     | Reached skill level 11 in Axes
  9112 | D:10     | Reached skill level 10 in Armour
  9119 | D:10     | Slain by a death yak

Levels and vault maps discovered:
D:1:      dpeg_arrival_simpleton_a, layout_loops_corners
D:2:      layout_rooms, chequers_ecumenical_altar_simple_redux,
          chequers_serial_rivers_micro_d
D:3:      layout_basic, nicolae_ashenzari_panopticon, uniq_natasha
D:4:      wad_lake_hut, layout_basic, serial_forest,
          infiniplex_forest_clump_medium, infiniplex_forest_join,
          infiniplex_forest_straight_1, infiniplex_forest_clump_long,
          uniq_menkaure
D:5:      layout_basic, minmay_temple_entry_glassed_door, serial_shops,
          nicolae_shop_stone, first_ration
D:6:      layout_cave_pools, chequers_temple_overflow_statue_of_worship,
          minitemple
D:7:      layout_rooms, lemuel_round_altar, grunt_ogre_cave
D:8:      layout_loops_corners, nicolae_ru_awakened_eye, serial_shops, shop,
          nicolae_dithmenos_shadow_blocks
D:9:      layout_roguey, xom_butterflies, enter_bailey_3,
          ebering_ghost_rock_garden
D:10:     layout_loops_ring, dpeg_lair_monsters, david_orc_3,
          ebering_ghost_rock_garden, uniq_psyche

Skill      XL: |  1  2  3  4  5  6  7  8  9 10 |
---------------+-------------------------------+-----
Axes           | 4 5 6 7 8 10 11 | 11.3
Fighting       | 4 5 6 7 8 |  8.3
Throwing       | 1 2 3 |  3.6
Armour         | 3 5 7 9 10 | 10.3
Stealth        | 1 |  1.5
Dodging        | 3 5 6 |  6.9

Action                   |  1- 3 |  4- 6 |  7- 9 | 10-12 || total
-------------------------+-------+-------+-------+-------++-------
Melee: Hand axe          |    50 |    61 |    19 |       ||   130
       Headbutt          |     8 |     7 |    45 |     6 ||    66
       War axe           |       |       |   167 |    19 ||   186
Throw: Boomerang         |    23 |    31 |    95 |     2 ||   151
       Stone             |       |    26 |     5 |       ||    31
Invok: Berserk           |       |     1 |     4 |     1 ||     6
  Use: Scroll            |       |     9 |    13 |     1 ||    23
       Potion            |       |     6 |     3 |     1 ||    10
  Eat: Ration            |     1 |     2 |     5 |       ||     8
       Chunk             |       |     1 |     3 |       ||     4
Armor: Animal skin       |    11 |       |       |       ||    11
       Leather armour    |       |    12 |       |       ||    12
       Chain mail        |       |       |    90 |     3 ||    93
Dodge: Dodged            |    45 |    38 |   109 |     2 ||   194
